 Dungeon Crawl Stone Soup version 0.17-b1-33-gd9cf236 (webtiles) character file.

99 Kloppie the Slasher (level 4, -11/40 HPs)
             Began as a Minotaur Gladiator on Nov 6, 2015.
             Killed by divine providence
             ... invoked by an orc priest
              (16 damage)
             ... on level 3 of the Dungeon.
             The game lasted 00:05:04 (2347 turns).

Kloppie the Slasher (Minotaur Gladiator)            Turns: 2347, Time: 00:05:04

Health: -11/40     AC:  3    Str: 19    XL:     4   Next: 45%
Magic:  3/3        EV: 13    Int:  5    God:
Gold:   114        SH:  0    Dex: 12    Spells: 0 memorised, 3 levels left

rFire  . . .     SeeInvis .     a - +0 long sword
rCold  . . .     Clarity  .     b - +0 leather armour
rNeg   . . .     SustAt   .     (no shield)
rPois  .         Gourm    .     c - +0 hat
rElec  .         Spirit   .     (no cloak)
rCorr  .         Warding  .     (no gloves)
rMut   .         Stasis   .     (no boots)
MR     .....                    (no amulet)
Stlth  +.........               (no ring)
                                (no ring)

@: confused, not resistant to hostile enchantments, very unstealthy
A: retaliatory headbutt, horns 2
a: no special abilities


You were on level 3 of the Dungeon.
You were not hungry.

You visited 1 branch of the dungeon, and saw 3 of its levels.

You collected 114 gold pieces.

Inventory:

Hand Weapons
 a - a +0 long sword (weapon)
Missiles
 d - 2 throwing nets (quivered)
Armour
 b - a +0 leather armour (worn)
 c - a +0 hat (worn)
Scrolls
 f - a scroll of magic mapping {unknown}
 g - a scroll of amnesia {unknown}
 j - 3 scrolls of identify {unknown}
 l - a scroll of fog {unknown}
 p - 2 scrolls of teleportation {unknown}
 r - a scroll of noise {unknown}
 s - a scroll of blinking {unknown}
Potions
 h - 2 potions of heal wounds {unknown}
 k - 3 potions of curing {unknown}
 n - a potion of magic {unknown}
 o - a potion of might {unknown}
 q - a potion of lignification {unknown}
 u - a potion of cancellation {unknown}
Books
 v - a book of Maledictions

   Spells                             Type                      Level
   a - Corona                         Hexes                        1
   b - Ensorcelled Hibernation        Hexes/Ice                    2
   c - Confuse                        Hexes                        3
   d - Tukima's Dance                 Hexes                        3
   e - Dazzling Spray                 Conjuration/Hexes            3
Comestibles
 e - 2 bread rations
 i - a royal jelly
 m - a slice of pizza


   Skills:
 + Level 4.1 Fighting
 + Level 4.7 Long Blades
 - Level 2.0 Throwing
 + Level 4.0 Dodging


You had 3 spell levels left.
You didn't know any spells.

Dungeon Overview and Level Annotations

Branches:
Dungeon (3/15)

Altars:
Gozag
Trog


Innate Abilities, Weirdness & Mutations

You reflexively headbutt those who attack you in melee.
You have a pair of horns on your head.


Message History

You slash something! Your headbutt misses something. Something hits you.
* * * LOW HITPOINT WARNING * * *
The orc priest miscasts a cantrip.
Drink which item? (? for menu, Esc to quit)
Okay, then.
You miss something.
You hear some strange, mumbled words.
You are confused.
Throwing (i - inventory):
d - 3 throwing nets (quivered)
Press: ? - help, Shift-Dir - straight line, f - bat
Aim: a bat You throw a throwing net.
You hear some strange, mumbled words.
A puff of flame appears from out of thin air!
The puff of flame hits you!
* * * LOW HITPOINT WARNING * * *
You miss something. Something hits you but does no damage.
The orc priest calls down the wrath of Beogh upon you.
Something smites you!
You die...

###### #.†..#
#@##.#
#{##.#######
ob#........##
#########....#
............#
############....#
...........'....+
######.####....#
#######.#.......#


You could see an orc priest and a bat.

Vanquished Creatures
  3 adders (D:2)
  An ooze (D:1)
  4 worms (D:2)
  2 giant geckos (D:2)
  5 orcs (D:3)
  3 giant cockroaches
  3 hobgoblins
  3 jackals (D:2)
  6 kobolds
  A quokka (D:2)
  7 bats
  6 giant newts
  5 goblins
  5 rats
54 creatures vanquished.

Notes
Turn   | Place    | Note
--------------------------------------------------------------
     0 | D:1      | Kloppie the Minotaur Gladiator began the quest for the Orb.
     0 | D:1      | Reached XP level 1. HP: 18/18 MP: 0/0
   168 | D:1      | Reached XP level 2. HP: 9/25 MP: 1/1
   420 | D:1      | Reached skill level 4 in Long Blades
  1114 | D:2      | Reached XP level 3. HP: 29/31 MP: 2/2
  1756 | D:2      | Reached XP level 4. HP: 38/40 MP: 3/3
  1771 | D:2      | Found a bloodstained altar of Trog.
  2019 | D:2      | Found an opulent altar of Gozag.
  2347 | D:3      | Killed from afar by an orc priest

Action                   |  1- 3 |  4- 6 || total
-------------------------+-------+-------++-------
Melee: Long sword        |   114 |    32 ||   146
Throw: Throwing net      |     1 |     1 ||     2
 Stab: Sleeping          |     2 |       ||     2
  Eat: Chunk             |     3 |     2 ||     5
